MLB
MEXICO CITY PADRES @ WASHINGTON NATIONALS
08/27/2041
 
TOP OF THE 1ST
Mexico City Padres batting - Pitching for Washington Nationals : RHP Tim Carter
Pitching: RHP Tim Carter
Batting: LHB Freddy Newton 0-0: Ball
1-0: Ball
2-0: Called Strike
2-1: Called Strike
2-2: Fly out, F9 (Line Drive, 9, EV 107.5 MPH)
Batting: LHB Ethan Glenn 0-0: Ball
1-0: Ball
2-0: Ball
3-0: Base on Balls
Batting: RHB Jesús García 0-0: 2-RUN HOME RUN (Flyball, 78XD, EV 97.5 MPH), Distance : 396 ft
Batting: SHB Tony Hinojosa 0-0: Foul Ball, location: 5F
0-1: Swinging Strike
0-2: Ball
1-2: SINGLE (Groundball, 34D, EV 96.9 MPH)
Batting: LHB Mario Rosales 0-0: Ball
1-0: Called Strike
1-1: Ball
2-1: Swinging Strike
2-2: Strikes out swinging
Batting: RHB Ik-sung So 0-0: Called Strike
0-1: Ball
1-1: Foul Ball, location: 2RF
1-2: Ball
2-2: 2-RUN HOME RUN (Flyball, 9D, EV 98.1 MPH), Distance : 382 ft
Batting: RHB Germão Risques 0-0: Called Strike
0-1: Ball
1-1: Called Strike
1-2: Ball
2-2: Ground out 5-3 (Groundball, 56, EV 88.8 MPH)
Top of the 1st over - 4 runs, 3 hits, 0 errors, 0 left on base; Mexico City 4 - Washington 0
BOTTOM OF THE 1ST
Washington Nationals batting - Pitching for Mexico City Padres : RHP Robinson González
Pitching: RHP Robinson González
Batting: SHB Luis Mota 0-0: Swinging Strike
0-1: Swinging Strike
0-2: Ground out 6-3 (Groundball, 6, EV 96.9 MPH)
Batting: LHB Dwayne Charles 0-0: SINGLE (Line Drive, 89S, EV 93.1 MPH)
Batting: SHB António Villarreal 0-0: Grounds into double play, 1-6-3 (Groundball, P, EV 76.3 MPH)
Bottom of the 1st over - 0 runs, 1 hit, 0 errors, 0 left on base; Mexico City 4 - Washington 0
TOP OF THE 2ND
Mexico City Padres batting - Pitching for Washington Nationals : RHP Tim Carter
Batting: RHB Connor Teek 0-0: Swinging Strike
0-1: Ball
1-1: Called Strike
1-2: Strikes out swinging
Batting: RHB Juan Luna 0-0: Swinging Strike
0-1: Fly out, F8 (Flyball, 8RXD, EV 93.8 MPH)
Batting: LHB Freddy Newton 0-0: SINGLE (Line Drive, 4M, EV 96.9 MPH)
Batting: LHB Ethan Glenn 0-0: Called Strike
0-1: SINGLE (Groundball, 4MD, EV 95.0 MPH)
Freddy Newton to second
Batting: RHB Jesús García 0-0: Ball
1-0: Foul Ball, location: 3SF
1-1: Called Strike
1-2: Ball
2-2: Ball
3-2: Fielders Choice at 3rd, U5 (Groundball, 5L, EV 67.5 MPH)
Top of the 2nd over - 0 runs, 2 hits, 0 errors, 1 left on base; Mexico City 4 - Washington 0
BOTTOM OF THE 2ND
Washington Nationals batting - Pitching for Mexico City Padres : RHP Robinson González
Batting: RHB Doug Watts 0-0: Fly out, F9 (Flyball, 9S, EV 80.0 MPH)
Batting: LHB Brad Numbers 0-0: Ball
1-0: Ball
2-0: Foul Ball, location: 2F
2-1: Ball
3-1: Base on Balls
Batting: SHB Dave Dulin 0-0: Foul Ball, location: 7LMF
0-1: Swinging Strike
0-2: Ball
1-2: Strikes out looking
Batting: LHB Bob Mundarain 0-0: Called Strike
0-1: Ball
1-1: Called Strike
1-2: Fly out, F8 (Flyball, 8LD, EV 110.6 MPH)
Bottom of the 2nd over - 0 runs, 0 hits, 0 errors, 1 left on base; Mexico City 4 - Washington 0
TOP OF THE 3RD
Mexico City Padres batting - Pitching for Washington Nationals : RHP Tim Carter
Batting: SHB Tony Hinojosa 0-0: Called Strike
0-1: SINGLE (Line Drive, 34, EV 95.0 MPH)
Batting: LHB Mario Rosales 0-0: Called Strike
0-1: Foul Ball, location: 2F
0-2: Foul Ball, location: 2F
0-2: Foul Ball, location: 2F
0-2: Ball
1-2: Ball
Wild Pitch!
Tony Hinojosa to second
2-2: Ball
3-2: Base on Balls
Batting: RHB Ik-sung So 0-0: Swinging Strike
0-1: Ball
1-1: Foul Ball, location: 5DF
1-2: SINGLE (Line Drive, 8LS, EV 90.0 MPH)
Tony Hinojosa to third
Mario Rosales to second
Batting: RHB Germão Risques 0-0: DOUBLE (Line Drive, 7LM, EV 107.5 MPH)
Tony Hinojosa scores
Mario Rosales scores
Ik-sung So to third
Pitching: RHP Orlando Rivas
Batting: RHB Connor Teek 0-0: Called Strike
0-1: Foul Ball, location: 2F
0-2: Ball
1-2: Strikes out swinging
Batting: RHB Juan Luna 0-0: Ball
1-0: Ground out 5-3 (Groundball, 56, EV 93.1 MPH)
Batting: LHB Freddy Newton 0-0: Ball
1-0: Ground out 5-3 (Groundball, 5, EV 91.3 MPH)
Top of the 3rd over - 2 runs, 3 hits, 0 errors, 2 left on base; Mexico City 6 - Washington 0
BOTTOM OF THE 3RD
Washington Nationals batting - Pitching for Mexico City Padres : RHP Robinson González
Batting: SHB Jorge Acosta 0-0: Ball
1-0: Called Strike
1-1: Ground out 3-1 (Groundball, 34S, EV 77.5 MPH)
Batting: LHB Eric Tushinghem 0-0: Called Strike
0-1: Ball
1-1: Foul Ball, location: 3FF
1-2: Foul Ball, location: 2F
1-2: Ball
2-2: Ball
3-2: Fly out, F7 (Line Drive, 7, EV 108.1 MPH)
Batting: SHB Luis Mota 0-0: Called Strike
0-1: Called Strike
0-2: Fly out, F7 (Line Drive, 7, EV 110.6 MPH)
Bottom of the 3rd over - 0 runs, 0 hits, 0 errors, 0 left on base; Mexico City 6 - Washington 0
TOP OF THE 4TH
Mexico City Padres batting - Pitching for Washington Nationals : RHP Orlando Rivas
Batting: LHB Ethan Glenn 0-0: Called Strike
0-1: Ball
1-1: Called Strike
1-2: Ball
2-2: Ball
3-2: Base on Balls
Batting: RHB Jesús García 0-0: Ball
1-0: Ball
2-0: Called Strike
2-1: Grounds into double play, 4-6-3 (Groundball, 34, EV 76.9 MPH)
Batting: SHB Tony Hinojosa 0-0: Foul Ball, location: 2F
0-1: Foul Ball, location: 7LSF
0-2: Fly out, F8 (Flyball, 8RXD, EV 96.9 MPH)
Top of the 4th over - 0 runs, 0 hits, 0 errors, 0 left on base; Mexico City 6 - Washington 0
BOTTOM OF THE 4TH
Washington Nationals batting - Pitching for Mexico City Padres : RHP Robinson González
Batting: LHB Dwayne Charles 0-0: Ball
1-0: Ball
2-0: Foul Ball, location: 5DF
2-1: Swinging Strike
2-2: Strikes out swinging
Batting: SHB António Villarreal 0-0: Ball
1-0: Ball
2-0: Reached on error, E6 (Groundball, 6, EV 65.0 MPH)
Batting: RHB Doug Watts 0-0: Ball
1-0: Called Strike
1-1: Ball
2-1: Fly out, F8 (Line Drive, 8RD, EV 90.0 MPH)
Batting: LHB Brad Numbers 0-0: Swinging Strike
0-1: Called Strike
0-2: Ball
1-2: Ball
2-2: Foul Ball, location: 7LSF
2-2: Ball
3-2: Foul Ball, location: 3F
3-2: Strikes out swinging
Bottom of the 4th over - 0 runs, 0 hits, 1 error, 1 left on base; Mexico City 6 - Washington 0
TOP OF THE 5TH
Mexico City Padres batting - Pitching for Washington Nationals : RHP Orlando Rivas
Batting: LHB Mario Rosales 0-0: Foul Ball, location: 25F
0-1: Called Strike
0-2: Strikes out swinging
Batting: RHB Ik-sung So 0-0: Ball
1-0: Called Strike
1-1: Fly out, F9 (Line Drive, 9S, EV 95.0 MPH)
Batting: RHB Germão Risques 0-0: Ball
1-0: Ball
2-0: Called Strike
2-1: Swinging Strike
2-2: Foul Ball, location: 2F
2-2: Foul Ball, location: 9LDF
2-2: SOLO HOME RUN (Flyball, 7D, EV 95.6 MPH), Distance : 372 ft
Batting: RHB Connor Teek 0-0: Called Strike
0-1: Ball
1-1: Foul Ball, location: 2F
1-2: Ball
2-2: Foul Ball, location: 9LSF
2-2: Ball
3-2: Foul Ball, location: 2RF
3-2: Foul Ball, location: 3F
3-2: Foul Ball, location: 3DF
3-2: Base on Balls
Batting: RHB Juan Luna 0-0: Ball
1-0: Swinging Strike
1-1: Swinging Strike
1-2: Strikes out swinging
Top of the 5th over - 1 run, 1 hit, 0 errors, 1 left on base; Mexico City 7 - Washington 0
BOTTOM OF THE 5TH
Washington Nationals batting - Pitching for Mexico City Padres : RHP Robinson González
Batting: SHB Dave Dulin 0-0: Ball
1-0: Called Strike
1-1: Called Strike
1-2: Ball
2-2: Fly out, F7 (Flyball, 78S, EV 81.3 MPH)
Batting: LHB Bob Mundarain 0-0: Fly out, F7 (Line Drive, 7S, EV 90.0 MPH)
Batting: SHB Jorge Acosta 0-0: Ball
1-0: Foul Ball, location: 7LDF
1-1: Called Strike
1-2: Ball
2-2: Ball
3-2: Ground out 5-3 (Groundball, 15, EV 85.6 MPH)
Bottom of the 5th over - 0 runs, 0 hits, 0 errors, 0 left on base; Mexico City 7 - Washington 0
TOP OF THE 6TH
Mexico City Padres batting - Pitching for Washington Nationals : RHP Orlando Rivas
Batting: LHB Freddy Newton 0-0: Ground out 4-3 (Groundball, 4, EV 95.0 MPH)
Batting: LHB Ethan Glenn 0-0: Called Strike
0-1: Ball
1-1: Called Strike
1-2: Ball
2-2: Ball
3-2: Foul Ball, location: 3F
3-2: SINGLE (Groundball, 15, EV 71.3 MPH) (infield hit)
Batting: RHB Jesús García 0-0: Ball
Pickoff Throw to First - Out! 1-3
1-0: Ball
2-0: Ball
3-0: Called Strike
3-1: Base on Balls
Batting: SHB Tony Hinojosa 0-0: Ball
1-0: Swinging Strike
1-1: Fly out, F4 (Popup, 4S, EV 67.5 MPH)
Top of the 6th over - 0 runs, 1 hit, 0 errors, 1 left on base; Mexico City 7 - Washington 0
BOTTOM OF THE 6TH
Washington Nationals batting - Pitching for Mexico City Padres : RHP Robinson González
Batting: LHB Eric Tushinghem 0-0: Ball
1-0: Ball
2-0: Called Strike
2-1: Swinging Strike
2-2: Foul Ball, location: 9LDF
2-2: Strikes out swinging
Batting: SHB Luis Mota 0-0: Called Strike
0-1: Ball
1-1: Foul Ball, location: 2F
1-2: Ball
2-2: SINGLE (Groundball, 6MD, EV 101.3 MPH)
Batting: LHB Dwayne Charles 0-0: Swinging Strike
0-1: Ball
1-1: Ball
2-1: Ball
Luis Mota is caught stealing 2nd base 2-6
3-1: Ground out 6-3 (Groundball, 6M, EV 84.4 MPH)
Bottom of the 6th over - 0 runs, 1 hit, 0 errors, 0 left on base; Mexico City 7 - Washington 0
TOP OF THE 7TH
Mexico City Padres batting - Pitching for Washington Nationals : RHP Orlando Rivas
Batting: LHB Mario Rosales 0-0: Ball
1-0: Foul Ball, location: 2F
1-1: Ball
2-1: Foul Ball, location: 3FF
2-2: Foul Ball, location: 5F
2-2: Strikes out swinging
Batting: RHB Ik-sung So 0-0: Called Strike
0-1: SINGLE (Line Drive, 7S, EV 104.4 MPH)
Pitching: RHP Brad Rogers
Batting: RHB Germão Risques 0-0: Ball
1-0: Called Strike
1-1: Foul Ball, location: 9LDF
1-2: Strikes out swinging
Batting: RHB Connor Teek 0-0: Called Strike
0-1: Swinging Strike
0-2: Strikes out swinging
Top of the 7th over - 0 runs, 1 hit, 0 errors, 1 left on base; Mexico City 7 - Washington 0
BOTTOM OF THE 7TH
Washington Nationals batting - Pitching for Mexico City Padres : RHP Robinson González
Batting: SHB António Villarreal 0-0: Called Strike
0-1: Ball
1-1: Foul Ball, location: 2F
1-2: Ball
2-2: Foul Ball, location: 23FF
2-2: Strikes out swinging
Pinch Hitting: RHB Jerry Clayton 0-0: Ball
1-0: Foul Ball, location: 2F
1-1: Foul Ball, location: 2F
1-2: Ball
2-2: Ball
3-2: Base on Balls
Pitching: LHP Ernie Hall
Batting: LHB Brad Numbers 0-0: Ball
1-0: Ball
2-0: Swinging Strike
2-1: Called Strike
2-2: Ball
3-2: Strikes out looking
Batting: SHB Dave Dulin 0-0: Fielders Choice at 2nd, 5-4 (Groundball, 56, EV 103.8 MPH)
Bottom of the 7th over - 0 runs, 0 hits, 0 errors, 1 left on base; Mexico City 7 - Washington 0
TOP OF THE 8TH
Mexico City Padres batting - Pitching for Washington Nationals : RHP Brad Rogers
Now at 2B: Juan Palácios
Batting: RHB Juan Luna 0-0: Foul Ball, location: 3F
0-1: Foul Ball, location: 3SF
0-2: Ball
1-2: Fly out, F9 (Flyball, 9D, EV 104.4 MPH)
Batting: LHB Freddy Newton 0-0: Ground out 4-3 (Groundball, 4, EV 98.8 MPH)
Batting: LHB Ethan Glenn 0-0: Ball
1-0: Fly out, F9 (Flyball, 9, EV 98.1 MPH)
Top of the 8th over - 0 runs, 0 hits, 0 errors, 0 left on base; Mexico City 7 - Washington 0
BOTTOM OF THE 8TH
Washington Nationals batting - Pitching for Mexico City Padres : LHP Ernie Hall
Pinch Hitting: RHB Jon Thurman 0-0: Ball
1-0: Ball
2-0: Foul Ball, location: 23F
2-1: Called Strike
2-2: Ball
3-2: Foul Ball, location: 2F
3-2: Foul Ball, location: 5F
3-2: SINGLE (Line Drive, 56D, EV 95.6 MPH)
Batting: SHB Jorge Acosta 0-0: Called Strike
0-1: Foul Ball, location: 5F
0-2: Ball
1-2: Ball
2-2: Ball
3-2: Foul Ball, location: 2F
3-2: Fly out, F9 (Line Drive, 89M, EV 90.6 MPH)
Batting: LHB Eric Tushinghem 0-0: Called Strike
0-1: Swinging Strike
0-2: Strikes out swinging
Batting: SHB Luis Mota 0-0: Ball
1-0: SINGLE (Groundball, 3D, EV 102.5 MPH)
Jon Thurman to second
Batting: LHB Dwayne Charles 0-0: Ball
1-0: Ball
2-0: Called Strike
2-1: Called Strike
2-2: Strikes out swinging
Bottom of the 8th over - 0 runs, 2 hits, 0 errors, 2 left on base; Mexico City 7 - Washington 0
TOP OF THE 9TH
Mexico City Padres batting - Pitching for Washington Nationals : RHP Brad Rogers
Pitching: LHP Tuu-ko-ihu Kaleo
Now in RF: Dana Martin
Batting: RHB Jesús García 0-0: Ball
1-0: Ground out 4-3 (Groundball, 4, EV 104.4 MPH)
Batting: SHB Tony Hinojosa 0-0: Swinging Strike
0-1: Foul Ball, location: 3F
0-2: Ball
1-2: Ball
2-2: Foul Ball, location: 23F
2-2: Ball
3-2: Ground out 4-3 (Groundball, 4, EV 89.4 MPH)
Batting: LHB Mario Rosales 0-0: Ball
1-0: Ball
2-0: SINGLE (Line Drive, 3D, EV 94.4 MPH)
Batting: RHB Ik-sung So 0-0: Ball
1-0: Called Strike
1-1: Called Strike
1-2: Ball
2-2: Strikes out swinging
Top of the 9th over - 0 runs, 1 hit, 0 errors, 1 left on base; Mexico City 7 - Washington 0
BOTTOM OF THE 9TH
Washington Nationals batting - Pitching for Mexico City Padres : LHP Ernie Hall
Batting: SHB António Villarreal 0-0: Called Strike
0-1: Foul Ball, location: 2F
0-2: Strikes out swinging
Batting: RHB Juan Palácios 0-0: Ball
1-0: Ball
2-0: Called Strike
2-1: SINGLE (Groundball, 6MS, EV 70.6 MPH) (infield hit)
Batting: LHB Brad Numbers 0-0: Called Strike
0-1: Ball
1-1: Ball
2-1: Ground out 4-3 (Groundball, 34D, EV 100.6 MPH)
Juan Palácios to second
Pitching: LHP T.J. Brown
Batting: SHB Dave Dulin 0-0: Ball
1-0: Ball
2-0: Called Strike
2-1: Ball
3-1: Base on Balls
Batting: LHB Dana Martin 0-0: Ball
1-0: Foul Ball, location: 2F
1-1: Swinging Strike
1-2: Ball
2-2: Strikes out swinging
Bottom of the 9th over - 0 runs, 1 hit, 0 errors, 2 left on base; Mexico City 7 - Washington 0
Sunday, March 24th , 2024 - OOTP Baseball 24.10 Build 82